 Dungeon Crawl Stone Soup version 0.27-a0-1187-ge80a49f48c (webtiles) character file.

Game seed: 11543197106563082497

95 Froggeryz the Ruffian (level 4, -1/38 HPs)
             Began as a Ghoul Monk on May 20, 2021.
             Slain by a goblin
             ... wielding a +0 club
             ... led by Robin
              (5 damage)
             ... on level 3 of the Dungeon.
             The game lasted 00:02:24 (2268 turns).

Froggeryz the Ruffian (Ghoul Monk)                  Turns: 2268, Time: 00:02:25

Health: -1/38      AC:  6    Str: 14 (15) XL:     4   Next: 65%
Magic:  3/3        EV: 11    Int:  4 (5)  God:
Gold:   102        SH:  0    Dex:  9 (11) Spells: 3/3 levels left

rFire    . . .     SeeInvis .     - Unarmed
rCold    + . .     Faith    .   (no shield)
rNeg     + + +     Spirit   .   f - +0 ring mail
rPois    ∞         Reflect  .   (no helmet)
rElec    .         Harm     .   (no cloak)
rCorr    .         Rampage  .   (no gloves)
Will     .....                  d - +0 pair of boots
Stlth    +.........             (no amulet)
HPRegen  0.00/turn              (no ring)
MPRegen  0.08/turn              (no ring)

@: no status effects
A: claws 1, cold resistance 1, negative energy resistance 3, inhibited
regeneration, torment resistance 2
a: no special abilities


You were on level 3 of the Dungeon.
You visited 1 branch of the dungeon, and saw 3 of its levels.

You collected 102 gold pieces.

Inventory:

Missiles
 b - 14 poisoned darts (quivered)
Armour
 d - a +0 pair of boots (worn)
 f - a +0 ring mail (worn)
Potions
 c - 2 potions of resistance


   Skills:
 - Level 3.2 Fighting
 + Level 1.3 Armour
 - Level 2.6 Dodging
 - Level 2.1 Stealth
 * Level 5.4 Unarmed Combat


You had 3 spell levels left.
You didn't know any spells.
Your spell library contained the following spells:

 Spells                   Type           Power      Damage    Failure   Level
 Animate Skeleton         Necr           0%         N/A       75%         1
 Pain                     Necr           0%         1d4       75%         1
 Vampiric Draining        Necr           0%         2d6       98%         3
 Animate Dead             Necr           0%         N/A       100%        4
 Agony                    Necr           0%         N/A       100%        5


Dungeon Overview and Level Annotations

Branches:
Dungeon (3/15)

Altars:
Hepliaklqana

Shops:
D:1 [   D:2 [

Annotations:
D:3 Robin


Innate Abilities, Weirdness & Mutations

You thrive by killing the living.
You are immune to poison.
You have sharp fingernails.
Your flesh is cold resistant. (rC+)
You are immune to negative energy. (rN+++)
You do not regenerate when monsters are visible.
You are immune to unholy pain and torment.


Message History

It was a potion of curing.
You feel better. The goblin misses you. The hobgoblin hits you.
The goblin hits you but does no damage.
The goblin closely misses you. x3; The orc barely misses you.
The goblin hits you with a +0 club.
It was a potion of degeneration.
There was something very wrong with that liquid.
You feel weakened.
You feel dopey.
You feel clumsy. The goblin hits you but does no damage.
The hobgoblin hits you but does no damage.
The goblin misses you. The goblin hits you with a +0 club.
The goblin closely misses you. x3; The orc hits you with a +0 trident.
You feel better. The goblin hits you but does no damage.
The hobgoblin barely misses you. The goblin closely misses you.
The goblin hits you with a +0 club.
The goblin hits you but does no damage. x2
The goblin closely misses you. The orc hits you but does no damage.
Okay, then.
You closely miss the orc. The goblin closely misses you.
The hobgoblin barely misses you. The goblin hits you but does no damage.
The goblin hits you with a +0 dagger.
The goblin hits you but does no damage. x2
You barely miss the orc. The goblin hits you with a +0 club.
* * * LOW HITPOINT WARNING * * *
The orc barely misses you. The goblin hits you but does no damage.
The hobgoblin hits you but does no damage.
The goblin closely misses you. x2; The goblin hits you with a +0 dagger.
* * * LOW HITPOINT WARNING * * *
The goblin misses you.
You aren't carrying any scrolls.
You scratch the orc.
The orc is severely wounded.
The goblin closely misses you. The orc closely misses you.
The goblin barely misses you. The hobgoblin hits you.
* * * LOW HITPOINT WARNING * * *
The goblin closely misses you. The goblin barely misses you.
The goblin closely misses you.
Sorry, you're not good enough to have a special ability.
You aren't carrying any items that you can evoke.
You scratch the orc.
You kill the orc!
The goblin hits you but does no damage. The goblin hits you with a +0 club.
You die...

##.<##........##........
......###.#.#....#.####.
##..#.###.#.###...##
##........#.###...#
...##.#####.......#
#####.# #####...# #.#
#†g.#####. #..
#ggg)..... ### #g@)#####
.....gggg......
......ggJ......
...............
#####......###. #.....).
#....#.## #....#.#


You could see Robin, an endoplasm, a hobgoblin (strong) and 9 goblins.

Vanquished Creatures
  4 adders
  2 dart slugs (D:2)
  An orc (D:3)
  9 ball pythons
  4 bats
  3 endoplasms
  2 giant cockroaches
  4 goblins
  6 hobgoblins
  6 jackals
  5 kobolds (D:1)
  4 frilled lizards
  5 rats
55 creatures vanquished.

Notes
Turn   | Place    | Note
-------+----------+-------------------------------------------
     0 | D:1      | Froggeryz the Ghoul Monk began the quest for the Orb.
     0 | D:1      | Reached XP level 1. HP: 19/19 MP: 0/0
    49 | D:1      | Found Buzaff's Antique Armour Shoppe.
   240 | D:1      | Reached XP level 2. HP: 12/26 MP: 1/1
   241 | D:1      | Reached skill level 4 in Unarmed Combat
   858 | D:1      | Reached XP level 3. HP: 31/31 MP: 2/2
  1476 | D:2      | Found Eriofooh's Antique Armour Emporium.
  1516 | D:2      | Reached skill level 5 in Unarmed Combat
  1556 | D:2      | Found a hazy altar of Hepliaklqana.
  1575 | D:2      | Reached XP level 4. HP: 38/38 MP: 3/3
  1804 | D:2      | Reached skill level 1 in Armour
  2252 | D:3      | Noticed Robin
  2268 | D:3      | Slain by a goblin

Illustrated notes

Levels and vault maps discovered:
D:1:      wheals_arrival_linesprint, layout_rooms, serial_shops, shop
D:2:      minmay_alternating_diamond, layout_basic, basic_altar, serial_shops,
          shop
D:3:      layout_loops_cross, serial_shops, shop, hex_medium, uniq_robin

Skill      XL: |  1  2  3  4 |
---------------+-------------+-----
Unarmed Combat | 4 5 |  5.4
Armour         | 1 |  1.3
Fighting       | |  3.2
Dodging        | |  2.6
Stealth        | |  2.1

Action                   |  1- 3 |  4- 6 || total
-------------------------+-------+-------++-------
Melee: Unarmed           |   102 |    54 ||   156
       Punch             |     1 |     1 ||     2
  Use: Scroll            |     1 |     1 ||     2
       Potion            |       |     3 ||     3
 Stab: Sleeping          |       |     1 ||     1
Armor: Robe              |    11 |       ||    11
       Ring mail         |    12 |    38 ||    50
Dodge: Dodged            |    62 |    60 ||   122

Table legend: (Time is in decaauts)
 A = Elapsed time spent in this place.
 B = Non-inter-level travel time spent in this place.
 C = Inter-level travel time spent in this place.
 D = Time resting spent in this place.
 E = Time spent auto-exploring this place.
 F = Levels seen in this place.
 G = Mean time per level.
                   A        B        C        D        E       F      G
               +--------+--------+--------+--------+--------+-----+--------+
         Total |   2253 |   2165 |     88 |    319 |   1480 |   3 |  751.0 |
       Dungeon |   2253 |   2165 |     88 |    319 |   1480 |   3 |  751.0 |
               +--------+--------+--------+--------+--------+-----+--------+

Top non-repeatable levels by time:
     D:1: 1149 daAuts
     D:2: 1026 daAuts
     D:3: 77 daAuts
